 Dungeon Crawl Stone Soup version 0.26.1-10-gdfb7c7de75 (webtiles) character file.

Game seed: 7080558387263268175

153 MalarOregon the Grasshopper (level 5, -1/35 HPs)
             Began as a Halfling Warper on Apr 2, 2021.
             Slain by a phantom (6 damage)
             ... on level 4 of the Dungeon.
             The game lasted 00:04:45 (3338 turns).

MalarOregon the Grasshopper (Halfling Warper)       Turns: 3338, Time: 00:04:46

Health: -1/35      AC:  7    Str: 12    XL:     5   Next: 61%
Magic:  8/8        EV: 14    Int: 12    God:
Gold:   171        SH:  0    Dex: 14    Spells: 6/8 levels left

rFire    . . .     SeeInvis .   h - +0 short sword (holy)
rCold    . . .     Faith    .   (shield restricted)
rNeg     . . .     Spirit   .   g - +0 ring mail
rPois    .         Reflect  .   (no helmet)
rElec    .         Harm     .   p - +0 cloak
rCorr    .         Rampage  .   (no gloves)
Will     .....                  j - +0 pair of boots
Stlth    +.........             (no amulet)
HPRegen  0.11/turn              (no ring)
MPRegen  0.11/turn              (no ring)

@: berserk cooldown, slowed, very slow
A: small, mutation resistance 1
a: no special abilities


You were on level 4 of the Dungeon.
You visited 1 branch of the dungeon, and saw 4 of its levels.

You collected 171 gold pieces.

Inventory:

Hand Weapons
 a - a +0 falchion
 h - a +0 short sword of holy wrath (weapon)
   (You found it on level 1 of the Dungeon)
Missiles
 c - 196 stones
 e - 3 boomerangs of dispersal (quivered) {!f}
 r - 15 poisoned darts
Armour
 g - a +0 ring mail (worn)
   (You found it on level 1 of the Dungeon)
 j - a +0 pair of boots (worn)
   (You found it on level 2 of the Dungeon)
 n - a +0 helmet
   (You found it on level 4 of the Dungeon)
 p - a +0 cloak (worn)
   (You found it on level 3 of the Dungeon)
Scrolls
 b - a scroll of immolation {!r}
 d - a scroll of blinking
 k - a scroll of teleportation {@r4}
Potions
 f - a potion of berserk rage
 i - a potion of cancellation
 l - a potion of attraction {unknown}
 m - a potion of curing {@q1}
 o - a potion of might {unknown}
 q - a potion of degeneration {unknown}
 s - a potion of haste {unknown}


   Skills:
 + Level 2.3 Fighting
 * Level 3.1 Long Blades
 + Level 1.6 Throwing
 + Level 2.1 Armour
 + Level 2.8 Dodging
 + Level 1.6 Stealth
 - Level 2.0 Spellcasting
 + Level 3.7 Translocations


You had 6 spell levels left.
You knew the following spells:

 Your Spells              Type           Power        Failure   Level
b - Blink                 Tloc           N/A          19%         2

Your spell library contained the following spells:

 Spells                   Type           Power        Failure   Level
 Gell's Gravitas          Tloc           5%           36%         3
 Lesser Beckoning         Tloc           5%           36%         3
 Teleport Other           Tloc           10%          36%         3
 Passage of Golubria      Tloc           N/A          77%         4


Dungeon Overview and Level Annotations

Branches:
Dungeon (4/15)
 Temple: D:4-7

Altars:
Yredelemnul

Annotations:
D:3 1 runed translucent door


Innate Abilities, Weirdness & Mutations

You are small and have problems with some larger weapons.
You are somewhat resistant to further mutation.


Message History

As you open the door, it creaks loudly!
Found a helmet.
There is an open door here.
n - a helmet You open the door.
There is an open door here.
You open the door.
There is an open door here.
As you open the door, it creaks loudly!
There is an open door here.
A phantom comes into view.
Unknown command.
Your +0 short sword of holy wrath softly glows with a divine radiance!
h - a +0 short sword of holy wrath (weapon)
The phantom blinks!
The phantom hits you.
You closely miss the phantom. The phantom misses you.
You hit the phantom.
The phantom convulses.
The phantom hits you.
You hit the phantom.
The phantom convulses.
The phantom hits you!
The phantom blinks!
You barely miss the phantom. The phantom hits you.
You hit the phantom but do no damage. The phantom misses you.
You closely miss the phantom. The phantom hits you!
* * * LOW HITPOINT WARNING * * *
You closely miss the phantom. The phantom barely misses you.
You closely miss the phantom.
The phantom hits you but does no damage.
You hit the phantom but do no damage. The phantom completely misses you.
You hit the phantom but do no damage. The phantom hits you.
* * * LOW HITPOINT WARNING * * *
You barely miss the phantom. The phantom misses you.
You hit the phantom but do no damage. The phantom hits you!
* * * LOW HITPOINT WARNING * * *
Okay, then.
You hit the phantom.
The phantom convulses.
The phantom hits you!
* * * LOW HITPOINT WARNING * * *
A red film seems to cover your vision as you go berserk!
You feel yourself moving faster!
You feel mighty!
The phantom blinks!
You feel a strong urge to attack something.
You feel your anger nearly subside.
You barely miss the phantom. The phantom closely misses you.
You hit the phantom but do no damage. The phantom barely misses you.
You miss the phantom.
You are no longer berserk.
You are exhausted.
You feel yourself slow down.
It was a potion of curing.
You feel better. The phantom hits you.
* * * LOW HITPOINT WARNING * * *
The phantom hits you.
You die...

###+###.#
#.
#.......#
#.
+.......#
#.
#.......#
#.
###.......#
#.
#....######
#. #....#
#. #....#
#. #..@.#
#. #..W.#
#. #....#
#. #....#
#. #....#
#. #....#
#. #....#
#. ######
## #<


You could see a phantom.

Vanquished Creatures
  A howler monkey (D:2)
  An orc priest (D:2)
  3 adders (D:2)
  A worm (D:3)
  A dart slug (D:1)
  3 leopard geckos
  5 orcs
  A giant cockroach (D:3)
  7 goblins
  2 hobgoblins
  A quokka (D:3)
  2 ball pythons
  7 bats
  5 frilled lizards
  4 kobolds
  A kobold skeleton (D:3)
  5 rats
50 creatures vanquished.

Vanquished Creatures (others)
  13 plants (D:1)
13 creatures vanquished.

Grand Total: 63 creatures vanquished

Notes
Turn   | Place    | Note
-------+----------+-------------------------------------------
     0 | D:1      | MalarOregon the Halfling Warper began the quest for the
                  | Orb.
     0 | D:1      | Reached XP level 1. HP: 14/14 MP: 3/3
   131 | D:1      | Reached XP level 2. HP: 19/19 MP: 4/4
   715 | D:2      | Noticed a howler monkey
   723 | D:2      | Reached XP level 3. HP: 24/24 MP: 5/5
   732 | D:2      | Reached skill level 1 in Stealth
   732 | D:2      | Reached XP level 4. HP: 20/29 MP: 6/6
  1100 | D:2      | Learned a level 2 spell: Blink
  1956 | D:3      | Reached XP level 5. HP: 34/34 MP: 7/7
  2594 | D:3      | Found a runed translucent door.
  2594 | D:3      | Noticed a human
  2599 | D:3      | Found a basalt altar of Yredelemnul.
  3309 | D:4      | Noticed a phantom
  3330 | D:4      | HP: 1/35 [phantom (7)]
  3338 | D:4      | Slain by a phantom

Illustrated notes

Levels and vault maps discovered:
D:1:      roderic_crop_circles_arrival_small, layout_rooms
D:2:      layout_basic, minmay_pentomino_p2
D:3:      layout_loops_ring, dk_yredelemnul_ordeal
D:4:      layout_gridville, uniq_ijyb

Skill      XL: |  1  2  3  4  5 |
---------------+----------------+-----
Fighting       | 2 |  2.3
Stealth        | 1 |  1.6
Armour         | 2 |  2.1
Long Blades    | 3 |  3.1
Spellcasting   | 2 |  2.0
Throwing       | |  1.6
Dodging        | |  2.8
Translocations | |  3.7

Action                   |  1- 3 |  4- 6 || total
-------------------------+-------+-------++-------
Melee: Falchion          |    63 |   169 ||   232
       Short sword       |       |    16 ||    16
Throw: Boomerang         |     2 |       ||     2
  Use: Scroll            |       |     6 ||     6
       Potion            |       |     2 ||     2
 Stab: Sleeping          |       |     1 ||     1
Armor: Leather armour    |     4 |       ||     4
       Ring mail         |     9 |    49 ||    58
Dodge: Dodged            |    60 |   134 ||   194
       Rpst.: Falchion   |    23 |    40 ||    63
